 Dungeon Crawl Stone Soup version 0.28.0 (webtiles) character file.

Game seed: 1743891522478968814

47 GrayStillPlays the Conjurer (level 3, -3/23 HPs)
             Began as an Octopode Conjurer on Feb 13, 2022.
             Slain by a phantom (4 damage)
             ... on level 2 of the Dungeon.
             The game lasted 00:03:16 (1682 turns).

GrayStillPlays the Conjurer (Octopode Conjurer)     Turns: 1682, Time: 00:03:17

Health: -3/23      AC:  1    Str:  6    XL:     3   Next: 70%
Magic:  0/6        EV: 13    Int: 22    God:
Gold:   63         SH:  0    Dex: 10    Spells: 3/6 levels left

rFire   . . .      SeeInvis .   g - +2 dagger (protect) {short}
rCold   . . .      Faith    .   (no shield)
rNeg    . . .      Spirit   .   (helmet restricted)
rPois   .          Reflect  .   (no amulet)
rElec   .          Harm     .   n - ring of flight
rCorr   .          Rampage  .   (no ring)
Will    .....                   (no ring)
Stlth   +++.......              (no ring)
HPRegen 0.07/turn               (no ring)
MPRegen 0.10/turn               (no ring)
                                (no ring)
                                (no ring)

@: flying, very slightly contaminated
A: almost no armour, amphibious, 8 rings, camouflage 1, gelatinous body 1,
(nimble swimmer 1), tentacles
a: no special abilities


You were on level 2 of the Dungeon.
You visited 1 branch of the dungeon, and saw 2 of its levels.

You collected 63 gold pieces.


Innate Abilities, Weirdness & Mutations

You cannot wear most types of armour.
You are amphibious.
You can wear up to eight rings at the same time.
Your skin changes colour to match your surroundings (Stealth+).
Your rubbery body absorbs attacks. (AC +1, EV +1)
((You are camouflaged when in or above water. (Stealth+)))
You have tentacles for arms and can constrict up to eight enemies at once.


   Skills:
 + Level 1.3 Fighting
 + Level 2.5 Dodging
 - Level 2.6 Stealth
 + Level 2.4 Spellcasting
 + Level 4.3 Conjurations


You had 3 spell levels left.
You knew the following spells:

 Your Spells              Type           Power      Damage    Failure   Level
a - Magic Dart            Conj           84%        1d7       2%          1
b - Searing Ray           Conj           42%        2d6       3%          2

Your spell library contained the following spells:

 Spells                   Type           Power      Damage    Failure   Level
 Freeze                   Ice            8%         1d3       13%         1
 Dazzling Flash           Conj/Hex       24%        N/A       16%         3
 Frozen Ramparts          Ice            4%         1d2       36%         3
 Fulminant Prism          Conj/Hex       6%         3d7       47%         4
 Hailstorm                Conj/Ice       12%        3d5       47%         4
 Iskenderun's Mystic Bla  Conj/Tloc      12%        2d5       47%         4

Inventory:

Hand Weapons
 b - a +0 whip {mace}
   (You took it off a kobold on level 1 of the Dungeon)
 c - a +0 mace {mace}
   (You found it on level 1 of the Dungeon)
 d - a +0 dagger {short}
   (You took it off a kobold on level 1 of the Dungeon)
 g - a +2 dagger of protection (weapon) {short}
   (You took it off a kobold on level 1 of the Dungeon)
Missiles
 e - 28 stones {throwing}
 i - 3 javelins {throwing}
 m - 17 arrows
Jewellery
 n - a ring of flight (left tentacle)
   (You found it on level 2 of the Dungeon)
Scrolls
 a - a scroll of summoning {unknown}
 h - a scroll of enchant weapon {unknown}
 k - a scroll of amnesia {unknown}
 l - a scroll of identify {unknown}
Potions
 f - a potion of heal wounds {unknown}
 j - a potion of curing {unknown}

Dungeon Overview and Level Annotations

Branches:
Dungeon (2/15)

Altars:

... .## .. .. #$
)# #
###.####.###h
###............
#.$.........#
#.#........###.#
#........@....)#
#.......W..##....
#..# #........S.#
# # #..#
...........##.#
#..#
#..###........#
#..# #.
.###ยง..## #..# #
#. #.#.# #..# #.
#.#.# ##..#
##....### #...#


You could see a phantom, a jackal (asleep) and a ball python.


Message History

The magic dart hits the adder.
The adder barely misses you. ๐Ÿ˜Ž MP[-1]
You lost 1 mp, and now have 4/6 mp.
The magic dart hits the adder.
The adder bites you. ๐Ÿ˜• HP[-5] MP[-1]
You take 5 damage, and now have 18/23 hp.
MASSIVE DAMAGE!! (PAUSE)
You lost 1 mp, and now have 3/6 mp.
Casting: Magic Dart (safe; 2% risk of failure)
Confirm with . or Enter, or press ? or * to list all spells.
Aiming: Magic Dart (safe; 2% risk of failure)
Press: ? - help, Shift-Dir - straight line, f/p - adder
Aim: an adder (severely wounded, 100% to hit)
The magic dart hits the adder!
You kill the adder! ๐Ÿ˜• MP[-1]
You lost 1 mp, and now have 2/6 mp.
Memorise Searing Ray, consuming 2 spell levels and leaving 3?
You start memorising the spell.
You continue memorising. x2
You finish memorising.
Spell assigned to 'b'.
Key pressed, stopping explore.
A hobgoblin comes into view. ๐Ÿ˜Ž HP[+5] MP[+4]
Your hp is fully restored (23).
Your mp is fully restored (6).
A hobgoblin is nearby!
A hobgoblin is nearby!
A hobgoblin is nearby!
The magic dart hits the hobgoblin.
You kill the hobgoblin! ๐Ÿ˜Ž MP[-1]
You lost 1 mp, and now have 5/6 mp.
You can't see any susceptible monsters within range! (Use Z to cast anyway.)
You can't see any susceptible monsters within range! (Use Z to cast anyway.)
You can't see any susceptible monsters within range! (Use Z to cast anyway.)
You can't see any susceptible monsters within range! (Use Z to cast anyway.)
You see here a hobgoblin corpse.
n - a ring of flight ๐Ÿ˜Ž MP[+1]
Your mp is fully restored (6).
You fly up into the air.
n - a ring of flight (left tentacle)
A phantom comes into view.
Casting: Magic Dart (safe; 2% risk of failure)
Confirm with . or Enter, or press ? or * to list all spells.
Aiming: Searing Ray (safe; 3% risk of failure)
Press: ? - help, Shift-Dir - straight line, f - phantom
Aim: a phantom (69% to hit)
The searing ray hits the phantom. (Press . to maintain the ray.) ๐Ÿ˜Ž MP[-2]
You lost 2 mp, and now have 4/6 mp.
The searing ray hits the phantom. ๐Ÿ˜Ž MP[-1]
You lost 1 mp, and now have 3/6 mp. ๐Ÿ˜Ž MP[-1]
You lost 1 mp, and now have 2/6 mp.
The searing ray hits the phantom.
You finish channelling your searing ray.
The phantom hits you! ๐Ÿ˜ฎ HP[-9] MP[-1]
You take 9 damage, and now have 14/23 hp.
MASSIVE DAMAGE!! (PAUSE)
You lost 1 mp, and now have 1/6 mp.
Casting: Searing Ray (safe; 3% risk of failure)
Confirm with . or Enter, or press ? or * to list all spells.
You don't have enough magic to cast this spell.
Casting: Searing Ray (safe; 3% risk of failure)
Confirm with . or Enter, or press ? or * to list all spells.
Aiming: Magic Dart (safe; 2% risk of failure)
Press: ? - help, Shift-Dir - straight line, f/p - phantom
Aim: a phantom (heavily damaged, 100% to hit)
You miscast Magic Dart.
You are very lightly contaminated with residual magic.
Nothing appears to happen.
The phantom barely misses you. ๐Ÿ˜ฎ MP[-1]
You lost 1 mp, and now have 0/6 mp.
You closely miss the phantom. The phantom hits you.
* * * LOW HITPOINT WARNING * * *
The phantom blinks!
You blink.
A ball python comes into view. ๐Ÿ˜จ HP[-6]
You take 6 damage, and now have 8/23 hp.
MASSIVE DAMAGE!! (PAUSE)
You barely miss the phantom. The phantom hits you.
* * * LOW HITPOINT WARNING * * *
The phantom blinks!
You blink.
A jackal comes into view. ๐Ÿ˜ฑ HP[-3]
You take 3 damage, and now have 5/23 hp.
You closely miss the phantom. Your squeeze misses the phantom.
The phantom hits you.
* * * LOW HITPOINT WARNING * * *
The phantom blinks!
You blink. ๐Ÿ˜ฑ HP[-4]
You take 4 damage, and now have 1/23 hp.
You barely miss the phantom. The phantom hits you.
You die...

Skill      XL: |  1  2 |
---------------+-------+-----
Fighting       | 1 |  1.3
Dodging        | |  2.5
Stealth        | |  2.6
Spellcasting   | |  2.4
Conjurations   | |  4.3

Action                   || total
-------------------------++-------
Melee: Constrict         ||     8
       Tentacles         ||     7
       Unarmed           ||     1
       Whip              ||    10
       Dagger            ||    16
 Cast: Magic Dart        ||    60
       Searing Ray       ||     1
Armor: Skin              ||     7
Dodge: Dodged            ||    23

Levels and vault maps discovered:
D:1:      amcnicky_arrival_single_pillar, layout_loops_ring,
          shapermc_ecumenical_altar_totnotflames, grunt_decor_mini_mirrors,
          serial_bayou_crossing
D:2:      layout_loops_ring, basic_altar, chequers_serial_rivers_small_b

Notes
Turn   | Place    | Note
-------+----------+-------------------------------------------
     0 | D:1      | GrayStillPlays the Octopode Conjurer began the quest for
                  | the Orb.
     0 | D:1      | Reached XP level 1. HP: 11/11 MP: 3/3
     0 | D:1      | magus.rc [v1.9.6]
   235 | D:1      | Reached XP level 2. HP: 18/18 MP: 1/5
   279 | D:1      | Found a faded altar of an unknown god.
   578 | D:1      | Reached skill level 1 in Fighting
   813 | D:1      | Reached XP level 3. HP: 23/23 MP: 3/6
  1331 | D:1      | You pick up a book of Frost and begin reading...
  1331 | D:1      | You add the spells Freeze, Frozen Ramparts and Hailstorm to
                  | your library.
  1592 | D:2      | Learned a level 2 spell: Searing Ray
  1673 | D:2      | Noticed a phantom
  1680 | D:2      | HP: 5/23 [phantom (3)]
  1681 | D:2      | HP: 1/23 [phantom (5)]
  1682 | D:2      | Slain by a phantom

Vanquished Creatures
  An adder (D:2)
  4 bats (D:1)
  2 giant cockroaches (D:1)
  2 goblins (D:1)
  4 hobgoblins
  8 jackals (D:1)
  7 kobolds (D:1)
  2 quokkas (D:1)
  3 frilled lizards (D:1)
  2 rats (D:1)
35 creatures vanquished.

Table legend:
 A = Non-vault XP
 B = Vault XP
 C = Vault XP percentage of total XP
 D = Non-vault monster count
 E = Vault monster count
 F = Vault count percentage of total count
                 A         B        C        D         E       F
            +---------+---------+-------+---------+---------+-------
      Total |      68 |       0 |   0.0 |      35 |       0 |   0.0
            +---------+---------+-------+---------+---------+-------
        D:1 |      53 |       0 |   0.0 |      33 |       0 |   0.0
        D:2 |      15 |       0 |   0.0 |       2 |       0 |   0.0
            +---------+---------+-------+---------+---------+-------

Illustrated notes

Table legend:
 A = Kills in this place as a percentage of kills in entire the game.
 B = Kills by you in this place as a percentage of kills by you in the entire game.
 C = Kills by friends in this place as a percentage of kills by friends in the entire game.
 D = Other kills in this place as a percentage of other kills in the entire game.
 E = Experience gained in this place as a percentage of experience gained in the entire game.
 F = Experience gained in this place divided by the number of levels of this place that you have seen.
                   A       B       C       D       E      F
               +-------+-------+-------+-------+-------+----------------------
         Total | 100.0 | 100.0 |   N/A |   N/A | 100.0 |  34.0
       Dungeon | 100.0 | 100.0 |   N/A |   N/A | 100.0 |  34.0
               +-------+-------+-------+-------+-------+----------------------

Table legend: (Time is in decaauts)
 A = Elapsed time spent in this place.
 B = Non-inter-level travel time spent in this place.
 C = Inter-level travel time spent in this place.
 D = Time resting spent in this place.
 E = Time spent auto-exploring this place.
 F = Levels seen in this place.
 G = Mean time per level.
                   A        B        C        D        E       F      G
               +--------+--------+--------+--------+--------+-----+--------+
         Total |   1681 |   1638 |     43 |      0 |   1460 |   2 |  840.5 |
       Dungeon |   1681 |   1638 |     43 |      0 |   1460 |   2 |  840.5 |
               +--------+--------+--------+--------+--------+-----+--------+

Top non-repeatable levels by time:
     D:1: 1572 daAuts
     D:2: 109 daAuts
